 Dungeon Crawl Stone Soup version 0.27-a0-1193-g8631133539 (webtiles) character file.

Game seed: 7430062996704234570

14 EnegeticOcto the Magician (level 2, -9/21 HPs)
             Began as a Djinni Earth Elementalist on May 25, 2021.
             Mangled by a gnoll
             ... wielding a +0 flail
              (11 damage)
             ... on level 4 of the Dungeon.
             The game lasted 00:02:33 (256 turns).

EnegeticOcto the Magician (DjEE)                     Turns: 256, Time: 00:02:34

Health: -9/21      AC:  3    Str:  7    XL:     2   Next: 55%
Gold:   23         EV: 12    Int: 16    God:
                   SH:  0    Dex: 13

rFire    + + .     SeeInvis .   (no weapon)
rCold    x . .     Faith    .   (no shield)
rNeg     . . .     Spirit   .   c - +0 robe
rPois    ∞         Reflect  .   a - +0 helmet
rElec    .         Harm     .   (no cloak)
rCorr    .         Rampage  .   (no gloves)
Will     .....                  (boots unavailable)
Stlth    ++........             (no amulet)
HPRegen  0.07/turn              (no ring)
MPRegen  0.00/turn              (no ring)

@: flying
A: sickness immunity, fire resistance 2, cold vulnerability 1, float, innate
caster, hp casting, extra vitality 1
a: no special abilities


You were on level 4 of the Dungeon.
You visited 1 branch of the dungeon, and saw 4 of its levels.

You collected 23 gold pieces.

Inventory:

Missiles
 b - 17 stones
Armour
 a - a +0 helmet (worn)
   (You found it on level 3 of the Dungeon)
 c - a +0 robe (worn)
Scrolls
 d - 2 scrolls of identify {@r1}


   Skills:
 - Level 2.1 Dodging
 - Level 1.5 Stealth
 + Level 3.0 Spellcasting


You couldn't memorise any spells.
You knew the following spells:

 Your Spells              Type           Power      Damage    Failure   Level
a - Sandblast             Erth           24%        2d8       5%          1
b - Stone Arrow           Conj/Erth      24%        3d8       16%         3
c - Petrify               Tmut/Erth      12%        N/A       47%         4
d - Lee's Rapid Deconstr  Erth           6%         3d7*      83%         5
p - Passwall              Tmut/Erth      10%        N/A       9%          2
Your spell library was empty.

Dungeon Overview and Level Annotations

Branches:
Dungeon (4/15)
 Temple: D:4-7

Altars:

Annotations:
D:2 Jessica


Innate Abilities, Weirdness & Mutations

You are immune to sickness and miasma.
You are immune to poison.
Your flesh is very heat resistant. (rF++)
You are vulnerable to cold. (rC-)
You float through the air rather than walking.
You learn spells naturally, not from books.
Your magical power is your life essence.
You have superior vitality. (+4 HP)


Message History

You feel very mighty all of a sudden.
You reach down and open the door.
d - a cyan potion It was a potion of curing.
You feel better.
Found a stone staircase leading down.
Found a club.
Found a leather armour.
Found 3 scrolls labelled OTTOLU BYTOMN.
Found 23 bolts.
You feel a little less mighty now.
d - 3 scrolls labelled OTTOLU BYTOMN You hear the slow rusting of a very distant drain.
A ball python comes into view.
The ball python moves out of view.
The ball python hisses angrily.
The ball python barely misses you. x2
Found 12 gold pieces.
Casting: Sandblast (safe; 5% risk of failure)
Confirm with . or Enter, or press ? or * to list all spells.
Aiming: Sandblast (safe; 5% risk of failure)
Press: ? - help, Shift-Dir - straight line, f - ball python
Aim: a ball python (77% to hit)
The blast of sand hits the ball python!
You kill the ball python!
Found a scroll labelled VOTISI NO TEA.
You see here a ball python corpse.
You now have 23 gold pieces (gained 12).
e - a scroll labelled VOTISI NO TEA You reach down and open the door.
There is an open door here.
You reach down and open the door.
Found a stone staircase leading down.
There is an open door here.
(D) Dungeon
Where to? (? - help)
There is a stone staircase leading down here.
You fly downwards.
A gnoll and an ogre come into view.
The ogre shouts!
The gnoll shouts!
You hear a shout! x2
There is a stone staircase leading up here.
A gnoll comes into view. It is wielding a +0 whip.
Casting: Sandblast (safe; 5% risk of failure)
Confirm with . or Enter, or press ? or * to list all spells.
Aiming: Sandblast (safe; 5% risk of failure)
Press: ? - help, Shift-Dir - straight line, f - ogre
Aim: an ogre, wielding a +0 giant club (90% to hit)
The blast of sand hits the ogre.
The ogre is moderately wounded.
Casting: Sandblast (safe; 5% risk of failure)
Confirm with . or Enter, or press ? or * to list all spells.
Aiming: Sandblast (safe; 5% risk of failure)
Press: ? - help, Shift-Dir - straight line, f/p - ogre
Aim: an ogre, wielding a +0 giant club (moderately wounded, 90% to hit)
The blast of sand hits the ogre!
The ogre is heavily wounded.
An ogre comes into view. It is wielding a +0 giant spiked club.
Casting: Sandblast (safe; 5% risk of failure)
Confirm with . or Enter, or press ? or * to list all spells.
Aiming: Sandblast (safe; 5% risk of failure)
Press: ? - help, Shift-Dir - straight line, f/p - ogre
Aim: an ogre, wielding a +0 giant club (heavily wounded, 90% to hit)
You miscast Sandblast.
You are very lightly contaminated with residual magic.
Nothing appears to happen.
The ogre barely misses you.
Casting: Sandblast (safe; 5% risk of failure)
Confirm with . or Enter, or press ? or * to list all spells.
Aiming: Sandblast (safe; 5% risk of failure)
Press: ? - help, Shift-Dir - straight line, f/p - ogre
Aim: an ogre, wielding a +0 giant club (heavily wounded, 90% to hit)
The blast of sand misses the gnoll.
The blast of sand hits the ogre.
The ogre is heavily wounded.
The gnoll hits you with a +0 flail!
* * * LOW HITPOINT WARNING * * *
Your magical contamination has completely faded away.
A gnoll comes into view. It is wielding a +0 spear.
As you read the scroll labelled OTTOLU BYTOMN, it crumbles to dust.
It is a scroll of identify.
e - a scroll of torment The gnoll closely misses you.
Really read the scroll of torment?
As you read the scroll of torment, it crumbles to dust.
Your body is wracked with pain!
* * * LOW HITPOINT WARNING * * *
The gnoll convulses!
The ogre convulses!
The gnoll convulses!
The gnoll shouts!
The ogre convulses!
The gnoll convulses!
The gnoll barely misses you.
Press: ? - help, v - describe, . - travel
Here: a gnoll, wielding a +0 flail (moderately wounded)
The floor.
Casting: Sandblast (safe; 5% risk of failure)
Confirm with . or Enter, or press ? or * to list all spells.
Aiming: Sandblast (safe; 5% risk of failure)
Press: ? - help, Shift-Dir - straight line, f - gnoll, p - ogre
Aim: a gnoll, wielding a +0 spear (moderately wounded, 82% to hit)
The blast of sand hits the ogre.
The ogre is almost dead.
* * * LOW HITPOINT WARNING * * *
The gnoll hits you with a +0 flail!
Ouch! That really hurt!
You die...

........##..........
.........<...........
...........##........
..........##.........
...........g...#.....
#......g......#.....
#.......O...........
..#..Og...#.#......
#.#..@#######....##
##.## #.... ## ....


You could see 2 ogres and 3 gnolls.

Vanquished Creatures
  An adder (D:2)
  A ball python (D:3)
  An endoplasm (D:2)
  A giant cockroach (D:3)
  A rat (D:3)
5 creatures vanquished.

Notes
Turn   | Place    | Note
-------+----------+-------------------------------------------
     0 | D:1      | EnegeticOcto the Djinni Earth Elementalist began the quest
                  | for the Orb.
     0 | D:1      | Reached XP level 1. HP: 15/15 MP: 0/0
    30 | D:1      | You are sucked into a shaft and drop 1 floor!
    93 | D:2      | Reached XP level 2. HP: 19/21 MP: 0/0
   137 | D:2      | Noticed Jessica
   145 | D:3      | Reached skill level 3 in Spellcasting
   238 | D:4      | Noticed an ogre
   241 | D:4      | Noticed an ogre
   256 | D:4      | Mangled by a gnoll

Illustrated notes

Levels and vault maps discovered:
D:1:      shiori_arrival_maze, layout_loops_ring, serial_aquarium,
          aquarium_bridge_long_separate [aquarium_subvault_bridge,
          aquarium_subvault_bridge, aquarium_subvault_wall,
          aquarium_subvault_wall, aquarium_subvault_wall,
          aquarium_subvault_bridge], aquarium_window_1, aquarium_window_3,
          aquarium_window_1, aquarium_view_2c, serial_shops, shop_scrolls
D:2:      layout_loops_corners, ebering_ecumenical_altar_box, uniq_jessica
D:3:      layout_basic, cheibrodos_sewer_entry_bend, hex_intersection,
          minmay_misc_feat_square
D:4:      layout_cave_pools, minmay_temple_entry_arrows, uniq_pikel,
          uniq_duvessa

Skill      XL: |  1  2 |
---------------+-------+-----
Spellcasting   | 3 |  3.0
Dodging        | |  2.1
Stealth        | |  1.5

Action                   || total
-------------------------++-------
 Cast: Sandblast         ||    13
  Use: Scroll            ||     2
       Potion            ||     2
Armor: Robe              ||     1
Dodge: Dodged            ||     6

Table legend: (Time is in decaauts)
 A = Elapsed time spent in this place.
 B = Non-inter-level travel time spent in this place.
 C = Inter-level travel time spent in this place.
 D = Time resting spent in this place.
 E = Time spent auto-exploring this place.
 F = Levels seen in this place.
 G = Mean time per level.
                   A        B        C        D        E       F      G
               +--------+--------+--------+--------+--------+-----+--------+
         Total |    256 |    254 |      2 |      0 |      0 |   4 |   64.0 |
       Dungeon |    256 |    254 |      2 |      0 |      0 |   4 |   64.0 |
               +--------+--------+--------+--------+--------+-----+--------+

Top non-repeatable levels by time:
     D:3: 136 daAuts
     D:2: 72 daAuts
     D:1: 30 daAuts
     D:4: 17 daAuts
